 Dungeon Crawl Stone Soup version 0.29-a0-284-gf9362112df (webtiles) character file.

Game seed: 2506709717302444586

270 rabbitsville the Digger (level 6, -3/36 HPs)
             Began as an Octopode Earth Elementalist on Mar 23, 2022.
             Slain by an ice beast (11 damage)
             ... on level 4 of the Dungeon.
             The game lasted 00:08:43 (3094 turns).

rabbitsville the Digger (OpEE)                      Turns: 3094, Time: 00:08:44

Health: -3/36      AC:  1    Str:  7    XL:     6   Next: 22%
Magic:  4/12       EV: 12    Int: 20    God:
Gold:   97         SH:  6    Dex: 12    Spells: 12/13 levels left

rFire   . . .      SeeInvis .   p - +2 falchion (freeze)
rCold   . . .      Faith    .   k - +2 buckler
rNeg    . . .      Spirit   .   (helmet restricted)
rPois   .          Reflect  .   (no amulet)
rElec   .          Harm     .   l - ring of willpower
rCorr   .          Rampage  .   (no ring)
Will    +....                   (no ring)
Stlth   +++.......              (no ring)
HPRegen 0.12/turn               (no ring)
MPRegen 0.13/turn               (no ring)
                                (no ring)
                                (no ring)

@: very slightly contaminated
A: almost no armour, amphibious, 8 rings, camouflage 1, gelatinous body 1,
(nimble swimmer 1), tentacles
a: no special abilities


You were on level 4 of the Dungeon.
You visited 1 branch of the dungeon, and saw 4 of its levels.

You collected 97 gold pieces.

Inventory:

Hand Weapons
 f - a +0 dagger
 p - a +2 falchion of freezing (weapon)
Missiles
 a - 78 stones
Armour
 k - a +2 buckler (worn)
Jewellery
 l - a ring of willpower (left tentacle)
Scrolls
 c - 3 scrolls of identify {unknown}
 h - a scroll of noise {unknown}
 j - 4 scrolls of immolation {unknown}
 m - a scroll of enchant weapon {unknown}
 n - a scroll of vulnerability {unknown}
 q - a scroll of blinking {unknown}
 r - a scroll of brand weapon {unknown}
Potions
 b - a potion of magic
 d - 2 potions of attraction {unknown}
 e - a potion of ambrosia {unknown}
 g - 2 potions of lignification {unknown}
 i - a potion of curing {unknown}
 o - a potion of resistance {unknown}
 s - a potion of cancellation {unknown}


   Skills:
 - Level 2.0 Dodging
 - Level 2.6 Stealth
 + Level 2.0 Shields
 * Level 4.0 Spellcasting
 - Level 1.0 Transmutations
 * Level 4.9 Earth Magic


You had 12 spell levels left.
You knew the following spells:

 Your Spells              Type           Power      Damage    Failure   Level
a - Sandblast             Erth           46%        2d11      2%          1

Your spell library contained the following spells:

 Spells                   Type           Power      Damage    Failure   Level
 Passwall                 Tmut/Erth      13%        N/A       8%          2
 Stone Arrow              Conj/Erth      28%        3d8       19%         3
 Sublimation of Blood     Necr           4%         N/A       26%         2
 Petrify                  Tmut/Erth      16%        N/A       43%         4
 Dazzling Flash           Conj/Hex       8%         N/A       45%         3
 Irradiate                Conj/Tmut      3%         3d14      98%         5
 Agony                    Necr           4%         N/A       99%         5
 Silence                  Hex/Air        2%         N/A       99%         5


Dungeon Overview and Level Annotations

Branches:
Dungeon (4/15)
 Temple: D:4-7

Altars:
Makhleb
Xom


Innate Abilities, Weirdness & Mutations

You cannot wear most types of armour.
You are amphibious.
You can wear up to eight rings at the same time.
Your skin changes colour to match your surroundings (Stealth+).
Your rubbery body absorbs attacks. (AC +1, EV +1)
((You are camouflaged when in or above water. (Stealth+)))
You have tentacles for arms and can constrict up to eight enemies at once.


Message History

You miscast Sandblast.
Nothing appears to happen.
The ice beast misses you.
Aiming: Sandblast (safe; 2% risk of failure)
Press: ? - help, Q - select action, (/) - cycle Shift-Dir - straight line, f/p - ice beast
Aim: an ice beast (lightly wounded, 81% to hit)
The blast of sand hits the ice beast.
The ice beast is lightly wounded.
The ice beast closely misses you.
You hit the ice beast.
The ice beast is moderately wounded.
The ice beast closely misses you.
You hit the ice beast.
The ice beast is heavily wounded.
You block the ice beast's attack.
You hit the ice beast. You squeeze the ice beast.
The ice beast is heavily wounded.
The ice beast hits you. The ice beast freezes you!
* * * LOW HITPOINT WARNING * * *
You block the ice beast's attack.
Aiming: Sandblast (safe; 2% risk of failure)
Press: ? - help, Q - select action, (/) - cycle Shift-Dir - straight line, f/p - ice beast
Aim: an ice beast (heavily wounded, 81% to hit)
The blast of sand hits the ice beast but does no damage.
The ice beast is heavily wounded.
The ice beast closely misses you.
Aiming: Sandblast (safe; 2% risk of failure)
Press: ? - help, Q - select action, (/) - cycle Shift-Dir - straight line, f/p - ice beast
Aim: an ice beast (heavily wounded, 81% to hit)
The blast of sand hits the ice beast.
The ice beast is severely wounded.
The ice beast barely misses you.
Aiming: Sandblast (safe; 2% risk of failure)
Press: ? - help, Q - select action, (/) - cycle Shift-Dir - straight line, f/p - ice beast
Aim: an ice beast (severely wounded, 81% to hit)
The blast of sand hits the ice beast but does no damage.
The ice beast is severely wounded.
The ice beast hits you.
* * * LOW HITPOINT WARNING * * *
The ice beast freezes you!
You die...

#..
#.#
#.#
#.#
#.#
#.#
#.#
#Y#
#@#
#.#
#.#
#.#
#.#
#.#
#.#
#.#
#.#


You could see an ice beast.

Vanquished Creatures
  Sigmund (D:3)
  An orc wizard (D:3)
  Robin (D:3)
  A worm (D:3)
  2 dart slugs
  5 orcs (D:3)
  4 endoplasms (D:3)
  3 giant cockroaches
  7 hobgoblins
  5 kobolds
  3 quokkas
  2 ball pythons
  5 bats
  A frilled lizard (D:3)
  11 goblins
  4 rats
56 creatures vanquished.

Vanquished Creatures (others)
  An endoplasm (D:1)
1 creature vanquished.

Grand Total: 57 creatures vanquished

Notes
Turn   | Place    | Note
-------+----------+-------------------------------------------
     0 | D:1      | rabbitsville the Octopode Earth Elementalist began the
                  | quest for the Orb.
     0 | D:1      | Reached XP level 1. HP: 11/11 MP: 3/3
   242 | D:1      | Found a faded altar of an unknown god.
   378 | D:1      | Reached XP level 2. HP: 17/17 MP: 5/5
   553 | D:1      | You fall into a shaft and drop 1 floor!
  1121 | D:2      | Found a shimmering altar of Xom.
  1333 | D:2      | Reached XP level 3. HP: 21/21 MP: 6/6
  1872 | D:3      | Reached XP level 4. HP: 23/27 MP: 6/8
  2045 | D:3      | Noticed Sigmund
  2050 | D:3      | Killed Sigmund
  2051 | D:3      | Reached skill level 1 in Shields
  2051 | D:3      | Reached XP level 5. HP: 3/31 MP: 3/10
  2051 | D:3      | Reached XP level 6. HP: 4/36 MP: 3/11
  2521 | D:3      | Noticed Robin
  2525 | D:3      | Killed Robin
  2899 | D:3      | Found a burning altar of Makhleb.
  3076 | D:4      | Noticed an ice beast
  3094 | D:4      | Slain by an ice beast

Illustrated notes

Levels and vault maps discovered:
D:1:      dpeg_arrival_chambers_temple_mockup, layout_basic,
          dreamdust_ecumenical_altar_hidden_monk_grotto, lemuel_flame_loot_1
D:2:      layout_basic, basic_altar
D:3:      layout_rooms, marbit_many_paths, serial_park_tiny_1,
          chequers_serial_rivers_micro_b, uniq_robin, uniq_sigmund
D:4:      layout_basic, fedhas_altar_decomposition,
          chequers_serial_rivers_large_b

Skill      XL: |  1  2  3  4  5  6 |
---------------+-------------------+-----
Spellcasting   | 3 4 |  4.0
Earth Magic    | 4 |  4.9
Shields        | 1 2 |  2.0
Dodging        | |  2.0
Stealth        | |  2.6
Transmutations | |  1.0

Action                   |  1- 3 |  4- 6 || total
-------------------------+-------+-------++-------
Melee: Unarmed           |    13 |       ||    13
       Dagger            |    46 |    17 ||    63
       Constrict         |    14 |     9 ||    23
       Tentacles         |    14 |     7 ||    21
       Punch             |       |     2 ||     2
       Falchion          |       |    24 ||    24
 Cast: Sandblast         |     6 |    22 ||    28
 Stab: Sleeping          |     5 |     2 ||     7
       Distracted        |     1 |       ||     1
Armor: Skin              |     5 |     3 ||     8
Dodge: Dodged            |    33 |    33 ||    66
Block: Buckler           |     1 |    17 ||    18

Table legend: (Time is in decaauts)
 A = Elapsed time spent in this place.
 B = Non-inter-level travel time spent in this place.
 C = Inter-level travel time spent in this place.
 D = Time resting spent in this place.
 E = Time spent auto-exploring this place.
 F = Levels seen in this place.
 G = Mean time per level.
                   A        B        C        D        E       F      G
               +--------+--------+--------+--------+--------+-----+--------+
         Total |   3102 |   3020 |     82 |    784 |   1599 |   4 |  775.5 |
       Dungeon |   3102 |   3020 |     82 |    784 |   1599 |   4 |  775.5 |
               +--------+--------+--------+--------+--------+-----+--------+

Top non-repeatable levels by time:
     D:3: 1552 daAuts
     D:1: 965 daAuts
     D:2: 559 daAuts
     D:4: 25 daAuts
